 Dungeon Crawl Stone Soup version 0.31-a0-175-g9f7f995f2b (webtiles) character file.

Game seed: 6642885480846187507

1357 qw the Cleaver (level 8, -7/51 HPs)
             Began as a Gargoyle Fighter on June 16, 2023.
             Was an Initiate of Okawaru.
             Mangled by a gnoll
             ... wielding a +0 halberd
             ... led by a gnoll bouda
              (10 damage)
             ... on level 5 of the Dungeon.
             The game lasted 00:01:52 (3858 turns).

qw the Cleaver (Gargoyle Fighter)                   Turns: 3858, Time: 00:01:52

Health: -7/51      AC: 14    Str: 22    XL:     8   Next: 64%
Magic:  8/8        EV:  8    Int:  9    God:    Okawaru [......]
Gold:   191        SH:  4    Dex:  9    Spells: 7/7 levels left

rFire   . . .        Y - +3 war axe
rCold   . . .        c - +0 buckler
rNeg    + . .        i - +0 chain mail
rPois   inf          (no helmet)
rElec   +            (no cloak)
rCorr   .            (no gloves)
SInv    .            (no boots)
Will    .....        (no amulet) Stlth
                     (no ring)
HPRegen 0.28/turn    (no ring)
MPRegen 0.11/turn

%: no passive effects
@: no status effects
A: sickness immunity, AC +5, negative energy resistance 1, electricity
resistance, torment resistance 1, petrification resistance
a: Renounce Religion


You were on level 5 of the Dungeon.
You worshipped Okawaru.
Okawaru was noncommittal.
You visited 2 branches of the dungeon, and saw 6 of its levels.

You collected 191 gold pieces.


Innate Abilities, Weirdness & Mutations

You are immune to sickness and miasma.
Your stone body is resilient. (AC +5)
You are immune to poison.
You resist negative energy. (rN+)
You are resistant to electric shocks. (rElec)
You are resistant to unholy torment.
You are immune to petrification.


   Skills:
 - Level 6.3 Fighting
 - Level 8.0 Axes
 + Level 0.7 Throwing
 - Level 3.2 Armour
 - Level 1.9 Dodging
 - Level 3.2 Shields


You had 7 spell levels left.
You didn't know any spells.
Your spell library was empty.

Inventory:

Hand Weapons
 b - a +0 flail
 Y - a +3 war axe (weapon)
Missiles
 f - 6 boomerangs
Armour
 c - a +0 buckler (worn)
 i - a +0 chain mail (worn)
Scrolls
 a - a scroll of identify
Potions
 d - a potion of might
 e - a potion of magic
 h - a potion of lignification {unknown}
 j - a potion of mutation {unknown}
 k - a potion of attraction {unknown}

Dungeon Overview and Level Annotations

Branches:
Dungeon (5/15)             Temple (1/1) D:5

Altars:
Cheibriados
Dithmenos
Elyvilon
Fedhas
Gozag
Kikubaaqudgha
Makhleb
Nemelex Xobeh
Okawaru
Qazlal
Ru
Sif Muna
Trog
Uskayaw
Vehumet
Wu Jian
Xom
Yredelemnul
Zin
The Shining One


Message History

The gnoll hits you but does no damage.
You barely miss the gnoll bouda.
The gnoll bouda is severely wounded.
The gnoll bouda hits you with a +0 whip.
You block the gnoll's attack. x2
You barely miss the gnoll bouda.
The gnoll bouda is severely wounded.
The gnoll bouda gazes fiercely through you!
You feel as though you will be weak longer.
The gnoll bouda hits you with a +0 whip!
You block the gnoll's attack.
The gnoll hits you from afar with a +0 halberd.
You hit the gnoll bouda.
The gnoll bouda is severely wounded.
The gnoll bouda barely misses you. The gnoll misses you.
The gnoll hits you but does no damage. You block the gnoll's attack.
The gnoll hits you from afar with a +0 spear.
You hit the gnoll bouda but do no damage.
The gnoll bouda is severely wounded.
The gnoll hits you from afar with a +0 spear.
The gnoll bouda barely misses you.
The gnoll hits you from afar with a +0 halberd!
You slash the gnoll bouda!
You kill the gnoll bouda!
Okawaru accepts your kill.
You barely miss the gnoll. The gnoll hits you with a +0 flail!
The gnoll hits you but does no damage.
The gnoll hits you from afar with a +0 spear.
You slash the gnoll!
The gnoll is almost dead.
Your attacks no longer feel as feeble.
The gnoll hits you but does no damage.
The gnoll hits you from afar with a +0 spear!
The gnoll hits you from afar with a +0 halberd.
You slash the gnoll!
You kill the gnoll!
Okawaru accepts your kill. The gnoll hits you but does no damage.
The gnoll closely misses you.
The gnoll hits you from afar with a +0 halberd!
You die...

#......8}..##..#
##.#
#..###......##.##
#.# #...
#.8}.>.##..# #.#
... #......###.##
###### .. #.8}..##
#..# ##.# #.....#
#..###.##
..##...####.....##
.#.
.#...........### #
.........)@.....#
.....#####......#.#
..ggg...## #
..........#
...........#
.....#.....#
....###..... ...#
#.....#


You could see 3 gnolls.

Vanquished Creatures
  Grinder (D:5)
  Sigmund (D:3)
  2 black bears (D:5)
  An orc warrior (D:5)
  An ogre (D:5)
  A centaur (D:3)
  A scorpion (D:5)
  4 hounds
  A jelly (D:5)
  A gnoll bouda (D:5)
  Ijyb (D:3)
  An orc wizard (D:5)
  16 gnolls
  5 adders
  An ufetubus (D:4)
  2 worms (D:2)
  2 dart slugs
  14 orcs
  2 ball pythons
  3 bats
  7 endoplasms
  8 goblins
  A hobgoblin (D:2)
  2 jackals (D:3)
  2 quokkas
  4 frilled lizards
  5 kobolds
  3 rats (D:2)
93 creatures vanquished.

Notes
Turn   | Place    | Note
-------+----------+-------------------------------------------
     0 | D:1      | qw the Gargoyle Fighter began the quest for the Orb.
     0 | D:1      | Reached XP level 1. HP: 14/14 MP: 1/1
     0 | D:1      | 0 ||| qw: Version: 0.2-a-29-g511e9b1
     0 | D:1      | 0 ||| qw: Game counter: 79
     0 | D:1      | 0 ||| qw: Always use a shield: true
     0 | D:1      | 0 ||| qw: God list: Okawaru
     0 | D:1      | 0 ||| qw: Allow faded altars: false
     0 | D:1      | 0 ||| qw: Do Orc after D:15 true
     0 | D:1      | 0 ||| qw: Do second Lair branch before Depths: true
     0 | D:1      | 0 ||| qw: Lair rune preference: random
     0 | D:1      | 0 ||| qw: Plans: Normal, Zot:1-4, Slime:5, God:TSO, Crypt,
                  | Tomb, Abyss, Pan, Hells, Win
     0 | D:1      | 0 ||| PLANNING D:1-11
    96 | D:1      | Reached skill level 2 in Axes
   233 | D:1      | 233 ||| Stepping ~*~*~tactically~*~*~ (hiding).
   234 | D:1      | 234 ||| Stepping ~*~*~tactically~*~*~ (hiding).
   377 | D:1      | 377 ||| FLEEEEING.
   381 | D:1      | Reached XP level 2. HP: 18/19 MP: 2/2
   792 | D:1      | 792 ||| UPGRADING to +0 chain mail.
   802 | D:1      | 802 ||| DROPPING +0 scale mail.
   803 | D:1      | 803 ||| READING scroll labelled JARHOM UMEZY.
   804 | D:1      | 804 ||| READING scroll labelled EJAODYCIWNAR.
   805 | D:1      | 805 ||| READING scroll labelled DEHEYT HESIAS.
   810 | D:1      | 810 ||| READING scroll labelled BENIRGHUROL.
   811 | D:1      | 811 ||| DRINKING 2 brown potions.
   849 | D:2      | Reached skill level 3 in Axes
   875 | D:2      | Reached XP level 3. HP: 20/23 MP: 3/3
   912 | D:2      | 912 ||| Stepping ~*~*~tactically~*~*~ (stealth).
   914 | D:2      | 914 ||| Stepping ~*~*~tactically~*~*~ (stealth).
  1060 | D:2      | 1060 ||| Stepping ~*~*~tactically~*~*~ (stealth).
  1070 | D:2      | Reached XP level 4. HP: 19/28 MP: 4/4
  1073 | D:2      | Reached skill level 4 in Axes
  1108 | D:2      | 1108 ||| DROPPING +0 whip.
  1273 | D:2      | You fall into a shaft and drop 2 floors!
  1288 | D:4      | 1288 ||| Stepping ~*~*~tactically~*~*~ (stealth).
  1290 | D:4      | 1290 ||| Stepping ~*~*~tactically~*~*~ (stealth).
  1333 | D:4      | 1333 ||| READING 2 scrolls labelled YGODOC GOINTA.
  1344 | D:3      | 1344 ||| Stepping ~*~*~tactically~*~*~ (stealth).
  1408 | D:3      | Noticed a centaur
  1416 | D:3      | Killed a centaur
  1417 | D:3      | Reached skill level 5 in Axes
  1417 | D:3      | Reached XP level 5. HP: 17/32 MP: 5/5
  1490 | D:3      | Noticed Sigmund
  1491 | D:3      | 1491 ||| Stepping ~*~*~tactically~*~*~ (hiding).
  1493 | D:3      | 1493 ||| Stepping ~*~*~tactically~*~*~ (hiding).
  1494 | D:3      | 1494 ||| Stepping ~*~*~tactically~*~*~ (hiding).
  1511 | D:3      | Killed Sigmund
  1512 | D:3      | Reached XP level 6. HP: 19/40 MP: 6/6
  1601 | D:3      | 1601 ||| READING scroll of enchant weapon.
  1601 | D:3      | 1601 ||| ENCHANTING +1 war axe.
  1645 | D:3      | 1645 ||| FLEEEEING.
  1646 | D:3      | 1646 ||| STAIRDANCE
  1767 | D:2      | 1767 ||| READING scroll labelled TOTUPS YKIDU.
  1875 | D:3      | 1875 ||| Stepping ~*~*~tactically~*~*~ (stealth).
  1877 | D:3      | 1877 ||| Stepping ~*~*~tactically~*~*~ (hiding).
  1878 | D:3      | 1878 ||| Stepping ~*~*~tactically~*~*~ (stealth).
  1893 | D:3      | 1893 ||| FLEEEEING.
  1894 | D:3      | 1894 ||| FLEEEEING.
  1895 | D:3      | 1895 ||| FLEEEEING.
  1896 | D:3      | 1896 ||| FLEEEEING.
  1899 | D:3      | 1899 ||| STAIRDANCE
  1957 | D:2      | 1957 ||| READING 2 scrolls of identify.
  1957 | D:2      | 1957 ||| IDENTIFYING smoky puce potion
  2031 | D:3      | Noticed Ijyb
  2037 | D:3      | Killed Ijyb
  2310 | D:4      | 2310 ||| Stepping ~*~*~tactically~*~*~ (stealth).
  2319 | D:4      | Reached XP level 7. HP: 43/44 MP: 7/7
  2557 | D:4      | Reached skill level 6 in Axes
  2930 | D:4      | Found a snail-covered altar of Cheibriados.
  2954 | D:4      | 2954 ||| DROPPING ring of wizardry.
  2955 | D:4      | 2955 ||| READING scroll labelled QUURIORIUW.
  3020 | D:5      | Entered Level 5 of the Dungeon
  3047 | D:5      | Found a stormy altar of Qazlal.
  3074 | D:5      | Reached skill level 1 in Dodging
  3185 | D:5      | Noticed Grinder
  3194 | D:5      | Killed Grinder
  3254 | D:5      | Reached skill level 7 in Axes
  3254 | D:5      | Reached XP level 8. HP: 39/49 MP: 8/8
  3357 | D:5      | 3357 ||| Stepping ~*~*~tactically~*~*~ (hiding).
  3360 | D:5      | 3360 ||| Stepping ~*~*~tactically~*~*~ (hiding).
  3376 | D:5      | HP: 11/49 [gnoll/+2 flail of protection (3)]
  3377 | D:5      | 3377 ||| READING scroll of teleportation.
  3378 | D:5      | 3378 ||| DRINKING potion of heal wounds.
  3485 | D:5      | 3485 ||| READING scroll of enchant weapon.
  3485 | D:5      | 3485 ||| ENCHANTING +2 war axe.
  3586 | D:5      | Reached skill level 8 in Axes
  3747 | D:5      | Found a staircase to the Ecumenical Temple.
  3748 | D:5      | 3748 ||| PLANNING TEMPLE
  3762 | D:5      | Reached skill level 6 in Fighting
  3763 | Temple   | Entered the Ecumenical Temple
  3764 | Temple   | 3764 ||| PLANNING OKAWARU WORSHIP
  3770 | Temple   | Became a worshipper of Warmaster Okawaru
  3771 | Temple   | 3771 ||| PLANNING D:1-11
  3856 | D:5      | HP: 12/51 [gnoll/+0 spear[a gnoll bouda] (3)]
  3857 | D:5      | HP: 5/51 [gnoll/+0 spear[a gnoll bouda] (7)]
  3858 | D:5      | Mangled by a gnoll

Levels and vault maps discovered:
D:1:      ebering_trefoil_twist, layout_basic, grunt_decor_cap
D:2:      layout_rooms, serial_bayou_lagoon_a
D:3:      layout_basic, minmay_misc_feat_plants, uniq_ijyb, uniq_sigmund
D:4:      layout_loops_corners, kennysheep_mini_moat
D:5:      layout_layer_cave, mainiacjoe_overflow_tiny_flanked,
          minmay_temple_entry_drinking_statues, uniq_grinder
Temple:   nicolae_temple_no_exploring_needed

Skill      XL: |  1  2  3  4  5  6  7  8 |
---------------+-------------------------+-----
Axes           | 2 3 5 7 8 |  8.0
Fighting       | 5 6 |  6.3
Dodging        | 1 |  1.9
Throwing       | |  0.7
Armour         | |  3.2
Shields        | |  3.2

Action                     |  1- 3 |  4- 6 |  7- 9 || total
---------------------------+-------+-------+-------++-------
  Melee: War axe           |    75 |    97 |   107 ||   279
    Use: Scroll            |     4 |     4 |     3 ||    11
         Potion            |     1 |       |     1 ||     2
 Armour: Scale mail        |    20 |       |       ||    20
         Chain mail        |    29 |    54 |    79 ||   162
  Dodge: Dodged            |    23 |    43 |    43 ||   109
  Block: Buckler           |    14 |    13 |    21 ||    48

Table legend:
 A = Non-vault XP
 B = Vault XP
 C = Vault XP percentage of total XP
 D = Non-vault monster count
 E = Vault monster count
 F = Vault count percentage of total count
                 A         B        C        D         E       F
            +---------+---------+-------+---------+---------+-------
      Total |    1426 |     527 |  27.0 |      90 |       3 |   3.2
            +---------+---------+-------+---------+---------+-------
        D:1 |      17 |       0 |   0.0 |      10 |       0 |   0.0
        D:2 |     130 |       0 |   0.0 |      22 |       0 |   0.0
        D:3 |     197 |     250 |  55.9 |      17 |       2 |  10.5
        D:4 |     130 |       0 |   0.0 |      14 |       0 |   0.0
        D:5 |     952 |     277 |  22.5 |      27 |       1 |   3.6
            +---------+---------+-------+---------+---------+-------
